 Dungeon Crawl Stone Soup version 0.30-a0-347-gf58ed5266c (webtiles) character file.

Game seed: 16095483527493703159

4 jlumianski the Trooper (level 1, -1/18 HPs)
             Began as a Demonspawn Fighter on Nov 6, 2022.
             Slain by a gnoll
             ... wielding a +0 spear
              (7 damage)
             ... on level 1 of the Dungeon.
             The game lasted 00:01:12 (264 turns).

jlumianski the Trooper (Demonspawn Fighter)          Turns: 264, Time: 00:01:12

Health: -1/18      AC:  6    Str: 16    XL:     1   Next: 58%
Magic:  1/1        EV:  8    Int:  9    God:
Gold:   31         SH:  4    Dex: 12    Spells: 0/0 levels left

rFire   . . .      SeeInvis .    a - +0 war axe
rCold   . . .      Faith    .    c - +0 buckler
rNeg    . . .      Spirit   .    b - +0 scale mail
rPois   .          Reflect  .    (no helmet)
rElec   .          Harm     .    (no cloak)
rCorr   .          Rampage  .    (no gloves)
Will    .....                    (no boots)
Stlth   ..........               (no amulet)
HPRegen 0.23/turn                (no ring)
MPRegen 0.07/turn                (no ring)

@: no status effects
A: no striking features
a: no special abilities


You were on level 1 of the Dungeon.
You visited 1 branch of the dungeon, and saw 2 of its levels.

You collected 31 gold pieces.

Inventory:

Hand Weapons
 a - a +0 war axe (weapon)
Armour
 b - a +0 scale mail (worn)
 c - a +0 buckler (worn)
Scrolls
 h - a scroll of enchant weapon
Potions
 d - 2 potions of might
 f - a potion of curing
 g - a potion of berserk rage


   Skills:
 + Level 3.1 Fighting
 + Level 1.8 Axes
 + Level 2.7 Armour
 + Level 2.8 Shields


You couldn't memorise any spells.
You didn't know any spells.
Your spell library was empty.

Dungeon Overview and Level Annotations

Branches:
Dungeon (2/15)

Altars:


Message History

Found a smoky inky potion.
g - a smoky inky potion
As you read the scroll of identify, it crumbles to dust.
g - a potion of berserk rage A rat comes into view.
Found 3 gold pieces.
The rat twitches its whiskers.
You see here a scroll labelled ASKU DIMAFRAOS.
h - a scroll labelled ASKU DIMAFRAOS You closely miss the rat.
The rat bites you but does no damage. The rat closely misses you.
You slash the rat!
You kill the rat!
You see here a rat corpse.
You now have 31 gold pieces (gained 3).
As you read the scroll of identify, it crumbles to dust.
h - a scroll of enchant weapon You open the door.
There is an open door here.
A ball python comes into view.
The ball python hisses angrily.
You slash the ball python!
You kill the ball python!
A gnoll comes into view. It is wielding a +0 spear.
The gnoll shouts!
The gnoll moves out of view.
The gnoll closely misses you.
Found 10 gold pieces.
The gnoll barely misses you. The gnoll hits you with a +0 spear!
You closely miss the gnoll. The gnoll hits you with a +0 spear.
You hit the gnoll.
The gnoll is lightly wounded.
The gnoll hits you with a +0 spear. The gnoll hits you but does no damage.
You closely miss the gnoll.
The gnoll is lightly wounded.
The gnoll hits you with a +0 spear.
You closely miss the gnoll.
The gnoll is lightly wounded.
The gnoll hits you with a +0 spear!
You die...

..........## ..........⌠#
#### .....†....## #.....
8###8###8## ####.....$ ##
### ### #......... ..##
#........ ..# #........
#+# #.# ###g...#
#####.####.###..@...###.#
.........................
#####.####...#.#...####.#
#.# #####.#...# #.#
#.....# #.# #####.# #.#
.# #.# ## #.#


You could see a gnoll.

Vanquished Creatures
  A goblin (D:1)
  A hobgoblin (D:1)
  A ball python (D:1)
  A bat (D:1)
  A rat (D:1)
5 creatures vanquished.

Notes
Turn   | Place    | Note
-------+----------+-------------------------------------------
     0 | D:1      | jlumianski the Demonspawn Fighter began the quest for the
                  | Orb.
     0 | D:1      | Reached XP level 1. HP: 18/18 MP: 1/1
   264 | D:1      | Slain by a gnoll

Illustrated notes

Levels and vault maps discovered:
D:1:      dpeg_arrival_pits, layout_basic, serial_corexii_hall,
          corexii_hall_statues_deadend, chequers_hall_statues_wall_a,
          corexii_hall_statues_i, chequers_hall_statues_wall_a, minivault_26
D:2:      layout_basic, basic_altar, uniq_natasha

Action                   || total
-------------------------++-------
Melee: War axe           ||    14
  Use: Scroll            ||     3
Armor: Scale mail        ||     8
Dodge: Dodged            ||     7
Block: Buckler           ||     5

Table legend: (Time is in decaauts)
 A = Elapsed time spent in this place.
 B = Non-inter-level travel time spent in this place.
 C = Inter-level travel time spent in this place.
 D = Time resting spent in this place.
 E = Time spent auto-exploring this place.
 F = Levels seen in this place.
 G = Mean time per level.
                   A        B        C        D        E       F      G
               +--------+--------+--------+--------+--------+-----+--------+
         Total |    270 |    270 |      0 |      0 |    165 |   2 |  135.0 |
       Dungeon |    270 |    270 |      0 |      0 |    165 |   2 |  135.0 |
               +--------+--------+--------+--------+--------+-----+--------+

Top non-repeatable levels by time:
     D:1: 268 daAuts
     D:2: 1 daAuts
